Map: Glittering Ashes LE

Players

Pendlay

  • Race: Terran Terran
  • League: Master
  • Spawn Location: 1:00

llllllllllll - Winner!

  • Race: Protoss Protoss
  • League: Master
  • Spawn Location: 7:00

VOD

Have the link to the VOD?

Description

Time

  • Played on: March 11, 2022, 7:01 p.m.
  • Length: 6:14
Show
View Real Time Build Order
Export as new Build Order

Pendlay Terran 

Build Orders:  

Get SALT Encoding   

  12  0:00  SCV  
  13  0:12  SCV  
  14  0:17  Supply Depot  
  14  0:27  SCV  
  15  0:39  SCV  
  15  0:41  Barracks  
  16  0:46  Refinery  
  16  0:51  SCV  
  17  1:03  SCV  
  18  1:15  SCV  
  19  1:28  Orbital Command, Marine  
  20  1:47  Command Center  
  20  1:48  Barracks Reactor  
  20  1:58  Supply Depot  
  20  1:59  SCV  
  21  2:09  Bunker  
  21  2:14  Factory  
  21  2:17  SCV  
  22  2:25  Marine x2  
  22  2:29  SCV  
  25  2:32  Refinery  
  25  2:43  Marine x2  
  27  3:01  Marine  
  27  3:02  Factory Tech Lab  
  27  3:03  Starport  
  27  3:17  Orbital Command  
  26  3:20  Cyclone, Marine  
  30  3:31  Bunker  
  30  3:37  Supply Depot  
  30  3:50  Orbital Command  
  28  3:59  Cyclone  
  28  4:00  Marine x2  
  33  4:21  Viking  
  35  4:26  Marine  
  35  4:29  Marine  
  34  4:34  SCV  
  35  4:49  Marine x2  
  34  5:01  Cyclone  
  34  5:02  SCV  
  38  5:19  Barracks  
  38  5:25  SCV x2  
  40  5:33  Viking  
  38  5:40  Cyclone  
  35  5:51  SCV  
Show
View Real Time Build Order
Export as new Build Order

llllllllllll Protoss - Winner!

Build Orders: Proxy Void Ray 

Get SALT Encoding   

  12  0:09  Pylon  
  12  0:12  Probe  
  13  0:24  Probe  
  14  0:30  Gateway  
  14  0:37  Probe  
  14  0:40  Assimilator  
  15  0:47  Assimilator  
  15  0:50  Probe  
  16  1:02  Probe  
  17  1:14  Probe  
  18  1:19  Cybernetics Core  
  18  1:26  Probe, Pylon  
  19  1:35  Zealot (Chrono Boost)  
  19  1:39  Probe  
  22  1:51  Probe  
  23  1:55  Stargate  
  23  1:59  Stalker (Chrono Boost)  
  25  2:12  Warp Gate  
  27  2:22  Pylon  
  27  2:36  Void Ray (Chrono Boost)  
  27  2:44  Shield Battery x2  
  29  2:49  Shield Battery  
  29  3:04  Void Ray (Chrono Boost)  
  33  3:21  Stalker  
  35  3:40  Shield Battery  
  35  3:58  Void Ray (Chrono Boost)  
  39  4:08  Pylon  
  37  4:31  Void Ray (Chrono Boost)  
  37  4:36  Stalker  
  43  4:42  Pylon  
  39  5:01  Void Ray  
  43  5:13  Stalker  
  45  5:19  Pylon  
  45  5:20  Gateway  
  45  5:35  Pylon, Void Ray (Chrono Boost)  
  47  5:45  Stalker  
Tags
 
Add a new tag
Caveats
  • Supply blocks, unpowered buildings, or Contaminate may cause inaccurate times.
  • Supply counts are checked every 10 seconds.